 Dungeon Crawl Stone Soup version 0.31-a0-210-gccc998df9b (webtiles) character file.

Game seed: 13659808524419654227

2111 qw the Skirmisher (level 9, -1/79 HPs)
             Began as a Minotaur Hexslinger on June 29, 2023.
             Was an Initiate of Okawaru.
             Succumbed to an orc wizard's poison
             ... on level 7 of the Dungeon.
             The game lasted 00:01:30 (5321 turns).

qw the Skirmisher (Minotaur Hexslinger)             Turns: 5321, Time: 00:01:31

Health: -1/79      AC:  7    Str: 13    XL:     9   Next: 8%
Magic:  9/9        EV: 13    Int: 10    God:    Okawaru [......]
Gold:   327        SH:  0    Dex: 23    Spells: 9/10 levels left

rFire   . . .        Y - +1 arbalest (freeze)
rCold   . . .        (shield currently unavailable)
rNeg    . . .        a - +0 ring mail
rPois   .            (helmet restricted)
rElec   .            h - +0 cloak
rCorr   .            k - +0 pair of gloves
SInv    .            (no boots)
Will    .....        (no amulet)
Stlth   +            b - +6 ring of dexterity
HPRegen 0.33/turn    (no ring)
MPRegen 0.11/turn

%: no passive effects
@: lethally poisoned (-1 -> -29)
A: horns 2, retaliatory headbutt
a: Renounce Religion


You were on level 7 of the Dungeon.
You worshipped Okawaru.
Okawaru was noncommittal.
You visited 2 branches of the dungeon, and saw 8 of its levels.

You collected 355 gold pieces.
You spent 28 gold pieces at shops.


Innate Abilities, Weirdness & Mutations

You have a pair of horns on your head.
You reflexively headbutt those who attack you in melee.


   Skills:
 - Level 7.2 Fighting
 - Level 10.2 Ranged Weapons
 - Level 3.0 Armour
 + Level 4.7 Dodging
 - Level 1.0 Spellcasting
 - Level 2.0 Hexes


You had 9 spell levels left.
You knew the following spells:

 Your Spells              Type           Power      Damage    Failure   Level
a - Slow                  Hex            16%        N/A       30%         1

Your spell library contained the following spells:

 Spells                   Type           Power      Damage    Failure   Level
 Inner Flame              Hex/Fire       2%         N/A       80%         3
 Portal Projectile        Hex/Tloc       4%         N/A       80%         3
 Cause Fear               Hex            2%         N/A       97%         4

Inventory:

Hand Weapons
 Y - a +1 arbalest of freezing (weapon)
Armour
 a - a +0 ring mail (worn)
 h - a +0 cloak (worn)
 k - a +0 pair of gloves (worn)
Jewellery
 b - a +6 ring of dexterity (left hand)
Scrolls
 c - 6 scrolls of identify
Potions
 d - a potion of degeneration {unknown}
 e - a potion of resistance
 f - 2 potions of haste
 g - 2 potions of heal wounds
 i - 2 potions of enlightenment
 j - a potion of cancellation

Dungeon Overview and Level Annotations

Branches:
Dungeon (7/15)             Temple (1/1) D:7

Altars:
Ashenzari
Cheibriados
Fedhas
Gozag
Hepliaklqana
Kikubaaqudgha
Makhleb
Nemelex Xobeh
Okawaru
Qazlal
Ru
Sif Muna
Uskayaw
Vehumet
Wu Jian
Xom
Yredelemnul
Zin
The Shining One

Shops:
D:2 !*=!!   D:6 (


Message History

You shoot a bolt.
A magic dart appears from out of thin air!
The magic dart hits you!
You shoot a bolt. You shoot a bolt. You shoot a bolt. Something hits you.
You are poisoned.
Something hits you but does no damage.
You are more poisoned.
You shoot a bolt.
You feel extremely sick. Something hits you!
You are more poisoned.
You shoot a bolt.
You feel extremely sick.
You hear some strange, mumbled words.
You are confused.
Something barely misses you.
You shoot a bolt.
You feel very sick. Something hits you but does no damage.
You are more poisoned.
You shoot a bolt.
You feel extremely sick. Something hits you.
You are more poisoned.
Something completely misses you.
You shoot a bolt.
You feel extremely sick. Something hits you.
You shoot a bolt.
You feel extremely sick.
You hear some strange, mumbled words.
A puff of flame appears from out of thin air!
The puff of flame hits you. Something hits you.
You are more poisoned.
You shoot a bolt.
You feel less confused.
You die...

###.#### #...# ####.......#
###......# #...# #..........#
.##.#.##.#####...#####.##.......#
.##.#.##(....([.......)##....#.##
.##.#......................#.#...
.##.#(.#)...)):........##.##.####
.##.#..#.#####...#####.......##..
..#......# #.{.# ####.#####.#
.......### #..@# #.# ##.#
......## #...# #.# ##..# .######
#...# #.###...# .# ##.##
#.##..... )# ######.# #.#......
<# ####......# #........ ##
#....###### ###...... #.#..#
##...(. #.#..###############
##...#


There were no monsters in sight!

Vanquished Creatures
  A wyvern (D:6)
  Edmund (D:4)
  A water moccasin (D:7)
  Duvessa (D:4)
  3 sky beasts
  2 black bears (D:7)
  An ogre (D:5)
  2 kobold brigands (D:6)
  A phantom (D:6)
  4 scorpions
  Dowan (D:4)
  3 hounds
  2 jellies
  3 orc priests
  A gnoll bouda (D:7)
  3 iguanas
  3 orc wizards
  7 gnolls
  2 adders (D:4)
  A shadow imp (D:6)
  2 white imps
  An ufetubus (D:6)
  15 orcs
  3 endoplasms
  4 giant cockroaches
  A goblin (D:1)
  4 hobgoblins
  2 jackals (D:4)
  11 kobolds
  A quokka (D:2)
  6 ball pythons
  3 bats
  7 frilled lizards
  4 rats (D:1)
107 creatures vanquished.

Notes
Turn   | Place    | Note
-------+----------+-------------------------------------------
     0 | D:1      | qw the Minotaur Hexslinger began the quest for the Orb.
     0 | D:1      | Reached XP level 1. HP: 16/16 MP: 1/1
     0 | D:1      | 0 ||| qw: Version: 0.3-a-24-ga2abf7b
     0 | D:1      | 0 ||| qw: Game counter: 6950
     0 | D:1      | 0 ||| qw: Melee chars always use a shield: true
     0 | D:1      | 0 ||| qw: God list: Okawaru
     0 | D:1      | 0 ||| qw: Allow faded altars: false
     0 | D:1      | 0 ||| qw: Do Orc after clearing Dungeon:15 true
     0 | D:1      | 0 ||| qw: Do second Lair branch before Depths: true
     0 | D:1      | 0 ||| qw: Lair rune preference: random
     0 | D:1      | 0 ||| qw: Goals: Normal
     0 | D:1      | 0 ||| PLANNING D:1-11
    39 | D:1      | HP: 4/16 [giant cockroach (1)]
   130 | D:1      | 130 ||| SWAPPING to +0 arbalest.
   131 | D:1      | 131 ||| DROPPING +1 sling.
   172 | D:1      | Reached skill level 3 in Ranged Weapons
   175 | D:1      | Reached XP level 2. HP: 23/23 MP: 2/2
   238 | D:1      | Found a faded altar of an unknown god.
   441 | D:1      | 441 ||| UPGRADING to +0 ring mail.
   451 | D:1      | 451 ||| DROPPING +0 robe.
   452 | D:1      | 452 ||| DROPPING scroll of poison.
   519 | D:2      | Found Quodd's Jewellery Shoppe.
   522 | D:2      | 522 ||| SHOPLISTING +4 ring of protection (432 gold, have
                  | 28).
   522 | D:2      | 522 ||| SHOPLISTING amulet "Acypi" {Spirit +Blink Str+4
                  | Int-2 Dex+3} (654 gold, have 28).
   522 | D:2      | 522 ||| SHOPLISTING amulet "Feruxt" {rElec Regen+ Dex-3
                  | SInv} (502 gold, have 28).
   522 | D:2      | 522 ||| SHOPLISTING ring of ice (300 gold, have 28).
   522 | D:2      | 522 ||| SHOPLISTING ring of positive energy (240 gold, have
                  | 28).
   556 | D:2      | Found Leux's Distillery.
   560 | D:2      | 560 ||| SHOPLISTING potion of curing (36 gold, have 28).
   560 | D:2      | 560 ||| SHOPLISTING potion of haste (120 gold, have 28).
   560 | D:2      | 560 ||| SHOPLISTING potion of might (48 gold, have 28).
   610 | D:2      | Found a snail-covered altar of Cheibriados.
   782 | D:2      | Found Zilo's General Store.
   786 | D:2      | 786 ||| SHOPLISTING ring of resist corrosion (280 gold,
                  | have 50).
   786 | D:2      | 786 ||| BUYING scroll of identify (28 gold).
   786 | D:2      | Bought a scroll of identify for 28 gold pieces
   786 | D:2      | 786 ||| SHOPLISTING scroll of identify (28 gold, have 22).
   823 | D:2      | Found Coliosio's Distillery.
   846 | D:2      | 846 ||| SHOPLISTING 2 potions of cancellation (208 gold,
                  | have 22).
   846 | D:2      | 846 ||| SHOPLISTING 2 potions of curing (78 gold, have 22).
   846 | D:2      | 846 ||| SHOPLISTING potion of cancellation (104 gold, have
                  | 22).
   846 | D:2      | 846 ||| SHOPLISTING potion of curing (39 gold, have 22).
   846 | D:2      | 846 ||| SHOPLISTING potion of heal wounds (65 gold, have
                  | 22).
   899 | D:2      | Found Gutyog's Distillery.
   904 | D:2      | 904 ||| SHOPLISTING potion of curing (33 gold, have 22).
   904 | D:2      | 904 ||| SHOPLISTING potion of heal wounds (55 gold, have
                  | 22).
   904 | D:2      | 904 ||| SHOPLISTING potion of might (44 gold, have 22).
  1099 | D:2      | 1099 ||| UPGRADING to +6 ring of dexterity.
  1100 | D:2      | 1100 ||| DRINKING 2 puce potions.
  1101 | D:2      | 1101 ||| DRINKING 2 metallic clear potions.
  1322 | D:3      | Reached XP level 3. HP: 29/29 MP: 3/3
  1486 | D:3      | Reached skill level 4 in Ranged Weapons
  1486 | D:3      | Reached XP level 4. HP: 36/36 MP: 4/4
  1656 | D:3      | Identified the +3 mace "Ybagill" {drain, Int+6}
  1726 | D:3      | 1726 ||| UPGRADING to +0 cloak.
  1731 | D:3      | 1731 ||| READING scroll labelled BURYFI QAFEE.
  1954 | D:4      | Noticed a scorpion
  1960 | D:4      | Killed a scorpion
  1961 | D:4      | Reached skill level 3 in Armour
  2164 | D:4      | Found a glowing golden altar of the Shining One.
  2204 | D:4      | Noticed Duvessa
  2204 | D:4      | Noticed Dowan
  2208 | D:4      | Killed Dowan
  2209 | D:4      | Reached skill level 5 in Ranged Weapons
  2209 | D:4      | Reached XP level 5. HP: 41/41 MP: 5/5
  2233 | D:4      | Killed Duvessa
  2234 | D:4      | Reached XP level 6. HP: 26/52 MP: 6/6
  2477 | D:4      | Noticed Edmund
  2482 | D:4      | Killed Edmund
  2483 | D:4      | Reached skill level 6 in Ranged Weapons
  2647 | D:4      | Found a shimmering altar of Xom.
  2675 | D:4      | 2675 ||| UPGRADING to +0 pair of gloves.
  2680 | D:4      | 2680 ||| READING scroll labelled JUTWIU CEWITHE.
  2681 | D:4      | 2681 ||| READING scroll labelled WURA HEOG.
  2682 | D:4      | 2682 ||| READING scroll labelled XIVUDERUNE.
  2769 | D:4      | 2769 ||| READING scroll labelled YSKUOCLAATZ.
  2870 | D:4      | 2870 ||| DRINKING 2 ruby potions.
  2871 | D:4      | 2871 ||| DRINKING 2 sapphire potions.
  2872 | D:4      | 2872 ||| READING 6 scrolls of identify.
  2872 | D:4      | 2872 ||| IDENTIFYING fuming black potion
  2873 | D:4      | 2873 ||| READING 5 scrolls of identify.
  2873 | D:4      | 2873 ||| IDENTIFYING murky golden potion
  2874 | D:4      | 2874 ||| DROPPING potion of lignification.
  2907 | D:5      | Entered Level 5 of the Dungeon
  3100 | D:5      | Reached skill level 7 in Ranged Weapons
  3100 | D:5      | Reached XP level 7. HP: 59/59 MP: 7/7
  3131 | D:5      | Found a sacrificial altar of Ru.
  3322 | D:5      | Reached skill level 3 in Dodging
  3479 | D:5      | HP: 13/59 [gnoll/+0 flail (3)]
  3480 | D:5      | 3480 ||| DRINKING potion of heal wounds.
  3484 | D:5      | HP: 13/59 [gnoll/+0 spear (2)]
  3485 | D:5      | Reached skill level 8 in Ranged Weapons
  3656 | D:5      | 3656 ||| READING scroll labelled PUR YVOWOABRU.
  3657 | D:5      | 3657 ||| READING 6 scrolls of identify.
  3657 | D:5      | 3657 ||| IDENTIFYING clear potion
  3658 | D:5      | 3658 ||| DROPPING potion of attraction.
  3738 | D:6      | Found a stormy altar of Qazlal.
  3931 | D:6      | Reached XP level 8. HP: 69/69 MP: 8/8
  3932 | D:6      | Found Larorgh's Weapon Shoppe.
  4181 | D:6      | Reached skill level 9 in Ranged Weapons
  4203 | D:6      | Found a hide-covered altar of Uskayaw.
  4254 | D:6      | Found a glowing silver altar of Zin.
  4263 | D:6      | Found a radiant altar of Vehumet.
  4309 | D:6      | 4309 ||| READING scroll labelled XYH SEFOUZEO.
  4310 | D:6      | 4310 ||| READING 7 scrolls of identify.
  4310 | D:6      | 4310 ||| IDENTIFYING metallic amethyst potion
  4311 | D:6      | 4311 ||| DROPPING potion of berserk rage.
  4342 | D:7      | Reached skill level 6 in Fighting
  4342 | D:7      | 4342 ||| STAIRDANCE
  4456 | D:7      | 4456 ||| STAIRDANCE
  4628 | D:7      | Identified the +3 chain mail of Hide-and-Seek {rElec Will-
                  | Slay+5}
  4632 | D:7      | Found a staircase to the Ecumenical Temple.
  4633 | D:7      | 4633 ||| PLANNING TEMPLE
  4656 | Temple   | Entered the Ecumenical Temple
  4670 | Temple   | 4670 ||| PLANNING OKAWARU WORSHIP
  4795 | Temple   | Became a worshipper of Warmaster Okawaru
  4796 | Temple   | 4796 ||| PLANNING D:1-11
  4946 | D:7      | Reached skill level 10 in Ranged Weapons
  5165 | D:7      | Reached XP level 9. HP: 78/78 MP: 9/9
  5320 | D:7      | HP: 13/79 [poisoned by an orc wizard]
  5321 | D:7      | Succumbed to an orc wizard's poison

Levels and vault maps discovered:
D:1:      dpeg_arrival_line_fractal, layout_rooms,
          shapermc_ecumenical_altar_hornbeckon
D:2:      layout_basic, serial_shops, nicolae_shop_back_alley_shop, shop, shop,
          shop, nicolae_shop_tiny_real_fake_doors, basic_altar, st_stairs_2
D:3:      layout_loops_ring
D:4:      layout_basic, tso_metal_star, mainiacjoe_overflow_tiny_flanked,
          uniq_duvessa, uniq_edmund
D:5:      layout_loops_ring, nicolae_ru_great_annihilating_truth
D:6:      layout_cave_pools, mainiacjoe_overflow_boulevard,
          mainiacjoe_overflow_swirl, mainiacjoe_overflow_chevrons, serial_shops,
          nicolae_shop_bloodbath_and_beyond, minmay_misc_feat_rows,
          corexii_leaking_fountain, uniq_crazy_yiuf_cottage
D:7:      layout_loops_cross, minmay_temple_entry_trees
Temple:   hc_temple_tempest_star

Skill      XL: |  1  2  3  4  5  6  7  8  9 |
---------------+----------------------------+-----
Ranged Weapons | 3 4 5 7 8 10 | 10.2
Fighting       | 2 4 5 6 7 |  7.2
Armour         | 3 |  3.0
Dodging        | 3 4 |  4.7
Spellcasting   | |  1.0
Hexes          | |  2.0

Action                     |  1- 3 |  4- 6 |  7- 9 || total
---------------------------+-------+-------+-------++-------
   Fire: Sling             |    14 |       |       ||    14
         Arbalest          |    61 |    41 |   147 ||   249
    Use: Potion            |     2 |     2 |     1 ||     5
         Scroll            |       |     7 |     4 ||    11
 Armour: Robe              |     1 |       |       ||     1
         Ring mail         |    12 |    22 |    43 ||    77
  Dodge: Dodged            |    23 |    14 |    88 ||   125

Table legend:
 A = Non-vault XP
 B = Vault XP
 C = Vault XP percentage of total XP
 D = Non-vault monster count
 E = Vault monster count
 F = Vault count percentage of total count
                 A         B        C        D         E       F
            +---------+---------+-------+---------+---------+-------
      Total |    2599 |     418 |  13.9 |      98 |       9 |   8.4
            +---------+---------+-------+---------+---------+-------
        D:1 |      22 |       0 |   0.0 |      14 |       0 |   0.0
        D:2 |       9 |       2 |  18.2 |       6 |       2 |  25.0
        D:3 |      65 |       0 |   0.0 |      14 |       0 |   0.0
        D:4 |     161 |     376 |  70.0 |       7 |       3 |  30.0
        D:5 |     471 |      40 |   7.8 |      12 |       4 |  25.0
        D:6 |     861 |       0 |   0.0 |      19 |       0 |   0.0
        D:7 |    1010 |       0 |   0.0 |      26 |       0 |   0.0
            +---------+---------+-------+---------+---------+-------
